 Dungeon Crawl Stone Soup version 0.26-a0-812-g31a745ddcd (webtiles) character file.

Game seed: 7922730023848838694

65 kae the Insei (level 4, -4/26 HPs)
             Began as a Tengu Transmuter on Nov 19, 2020.
             Killed from afar by Sigmund (10 damage)
             ... with a magic dart
             ... on level 2 of the Dungeon.
             The game lasted 00:01:07 (2186 turns).

kae the Insei (Tengu Transmuter)                    Turns: 2186, Time: 00:01:07

Health: -4/26      AC:  2    Str: 11    XL:     4   Next: 13%
Magic:  6/8        EV: 12    Int: 20    God:
Gold:   48         SH:  0    Dex: 14    Spells: 3/7 levels left

rFire    . . .     SeeInvis .     - Unarmed
rCold    . . .     Faith    .   (no shield)
rNeg     . . .     Spirit   .   a - +0 robe
rPois    .         Reflect  .   (helmet restricted)
rElec    .         Harm     .   (no cloak)
rCorr    .         Rampage  .   (no gloves)
MR       +....                  (boots unavailable)
Stlth    +.........             (no amulet)
HPRegen  0.08/turn              g - +6 ring of intelligence
MPRegen  0.11/turn              f - ring of protection from magic

@: no status effects
A: beak, talons 3
a: no special abilities


You were on level 2 of the Dungeon.
You visited 1 branch of the dungeon, and saw 2 of its levels.

You collected 48 gold pieces.

Inventory:

Armour
 a - a +0 robe (worn)
Jewellery
 f - a ring of protection from magic (right hand)
 g - a +6 ring of intelligence (left hand)
Scrolls
 d - 2 scrolls of random uselessness {unknown}
 h - a scroll of teleportation {unknown}
 i - a scroll of noise {unknown}
Potions
 b - a potion of flight {unknown}
 c - a potion of magic {unknown}
 e - a potion of degeneration {unknown}


   Skills:
 + Level 1.8 Fighting
 - Level 2.1 Dodging
 + Level 3.7 Unarmed Combat
 + Level 2.4 Spellcasting
 * Level 2.5 Transmutations


You had 3 spell levels left.
You knew the following spells:

 Your Spells              Type           Power        Failure   Level
a - Beastly Appendage     Tmut           ##....       5%          1
b - Spider Form           Tmut/Pois      #.........   26%         3

Your spell library contained the following spells:

 Spells                   Type           Power        Failure   Level
 Wereblood                Tmut           ##......     9%          2
 Ice Form                 Ice/Tmut       #.......     65%         4
 Blade Hands              Tmut           ##........   83%         5


Dungeon Overview and Level Annotations

Branches:
Dungeon (2/15)

Altars:
Ru
Trog

Annotations:
D:2 Sigmund


Innate Abilities, Weirdness & Mutations

You have a beak for a mouth.
You have claws for feet.


Message History

Sigmund is lightly wounded.
The goblin hits you.
You hit Sigmund but do no damage.
Sigmund looks as sick as possible!
Sigmund is moderately wounded.
Sigmund barely misses you.
You completely miss Sigmund.
Sigmund is moderately wounded.
The goblin closely misses you.
You hit Sigmund.
Sigmund is heavily wounded.
Your transformation has ended.
Your +0 robe unmelds from your body.
Sigmund points at you and mumbles some strange words.
The magic dart hits you. The goblin hits you.
* * * LOW HITPOINT WARNING * * *
You hit Sigmund.
Sigmund is severely wounded.
Sigmund points at you and mumbles some strange words.
The magic dart hits you!
You die...

##..<....#.#..........#
##.#.###.#.#.##.#####.####
#. ##.#.#
#.....##.##.......# #..
.....# ###......##.##.##.#
#.. ##.###
#########.##.##÷# #.. #.##
###.......# #.. #..#### #
#.........# #.. ##....#
... #@#..#....######..
####.#
.....#@#............†..
#.#
#.....g....#............
#.#
#.....#.#####..#...(....
#.#
#.....#..........###....
#.# ##### ####.###.#.#
#.... #.# #. ##.#.# #...#
#†####### #. #..#.# #..##
#.).....######.##.##.#
##.#
#######.#..........).#
#.##


You could see Sigmund (very poisoned) and a goblin.

Vanquished Creatures
  A gnoll (D:1)
  An adder (D:2)
  2 dart slugs (D:1)
  2 leopard geckos
  A giant cockroach (D:1)
  9 goblins
  2 hobgoblins (D:1)
  5 jackals (D:1)
  5 bats
  5 frilled lizards
  2 kobolds
  3 rats
38 creatures vanquished.

Notes
Turn   | Place    | Note
-------+----------+-------------------------------------------
     0 | D:1      | kae the Tengu Transmuter began the quest for the Orb.
     0 | D:1      | Reached XP level 1. HP: 12/12 MP: 4/4
   148 | D:1      | Reached XP level 2. HP: 9/16 MP: 4/6
  1008 | D:1      | Reached XP level 3. HP: 17/20 MP: 5/7
  1013 | D:1      | Learned a level 3 spell: Spider Form
  1905 | D:2      | Found a bloodstained altar of Trog.
  1922 | D:2      | Reached XP level 4. HP: 26/26 MP: 6/8
  1972 | D:2      | Found a sacrificial altar of Ru.
  2168 | D:2      | Noticed Sigmund
  2186 | D:2      | Killed from afar by Sigmund

Illustrated notes

Levels and vault maps discovered:
D:1:      ncdulo_lavacross, layout_basic
D:2:      layout_loops_cross, nicolae_ru_the_path_less_chosen,
          trog_three_pillars_becter, uniq_sigmund

Skill      XL: |  1  2 |
---------------+-------+-----
Transmutations | 2 |  2.5
Fighting       | |  1.8
Dodging        | |  2.1
Unarmed Combat | |  3.7
Spellcasting   | |  2.4

Action                   |  1- 3 |  4- 6 || total
-------------------------+-------+-------++-------
Melee: Unarmed           |    78 |    13 ||    91
       Kick              |    12 |       ||    12
       Headbutt          |     9 |       ||     9
       Peck              |     2 |     1 ||     3
 Cast: Beastly Appendage |    14 |     2 ||    16
       Spider Form       |     1 |     1 ||     2
 Stab: Sleeping          |     1 |       ||     1
Armor: Robe              |    14 |     3 ||    17
Dodge: Dodged            |    53 |    14 ||    67

Table legend: (Time is in decaauts)
 A = Elapsed time spent in this place.
 B = Non-inter-level travel time spent in this place.
 C = Inter-level travel time spent in this place.
 D = Time resting spent in this place.
 E = Time spent auto-exploring this place.
 F = Levels seen in this place.
 G = Mean time per level.
                   A        B        C        D        E       F      G
               +--------+--------+--------+--------+--------+-----+--------+
         Total |   2178 |   2154 |     24 |     14 |   1907 |   2 | 1089.0 |
       Dungeon |   2178 |   2154 |     24 |     14 |   1907 |   2 | 1089.0 |
               +--------+--------+--------+--------+--------+-----+--------+

Top non-repeatable levels by time:
     D:1: 1794 daAuts
     D:2: 384 daAuts
